 Dungeon Crawl Stone Soup version 0.30-a0-715-gdb4ae3ece1 (webtiles) character file.

Game seed: 13004447997170863

11 Shayle the Conjurer (level 2, 22/22 HPs)
             Began as a Demonspawn Reaver on Jan 24, 2023.
             Quit the game on level 1 of the Dungeon.
             The game lasted 00:01:01 (250 turns).

Shayle the Conjurer (Demonspawn Reaver)              Turns: 250, Time: 00:01:01

Health: 22/22      AC:  3    Str: 12    XL:     2   Next: 13%
Magic:  5/5        EV: 11    Int: 14    God:
Gold:   26         SH:  0    Dex: 11    Spells: 4/5 levels left

rFire   . . .      SeeInvis .    a - +0 spear
rCold   . . .      Faith    .    (no shield)
rNeg    . . .      Spirit   .    b - +0 leather armour
rPois   .          Reflect  .    (helmet restricted)
rElec   .          Harm     .    (no cloak)
rCorr   .          Rampage  .    (no gloves)
Will    .....                    (no boots)
Stlth   +                        (no amulet)
HPRegen 0.23/turn                (no ring)
MPRegen 0.09/turn                (no ring)

@: no status effects
A: antennae 1
a: no special abilities


You were on level 1 of the Dungeon.
You visited 1 branch of the dungeon, and saw 1 of its levels.

You collected 26 gold pieces.

Inventory:

Hand Weapons
 a - a +0 spear (weapon)
Armour
 b - a +0 leather armour (worn)
Scrolls
 c - a scroll of noise {unknown}
 d - a scroll of identify {unknown}
 e - a scroll of immolation {unknown}


   Skills:
 + Level 2.2 Fighting
 - Level 2.6 Polearms
 + Level 2.0 Dodging
 + Level 0.6 Stealth
 - Level 2.0 Spellcasting
 - Level 3.0 Conjurations
 + Level 0.7 Hexes


You had 4 spell levels left.
You knew the following spells:

 Your Spells              Type           Power      Damage    Failure   Level
a - Kiss of Death         Conj/Necr      20%        2d7       16%         1

Your spell library contained the following spells:

 Spells                   Type           Power      Damage    Failure   Level
 Momentum Strike          Conj/Tloc      10%        3d8       24%         2
 Hailstorm                Conj/Ice       5%         3d4       43%         3


Dungeon Overview and Level Annotations

Branches:
Dungeon (1/15)

Altars:


Innate Abilities, Weirdness & Mutations

You have a pair of small antennae on your head.


Message History

You barely miss the quokka. The quokka closely misses you.
You hit the quokka.
The quokka is almost dead.
The quokka bites you but does no damage.
You barely miss the quokka.
The quokka is almost dead.
The quokka bites you.
You hit the quokka.
You kill the quokka!
Your Dodging skill increases to level 2!
You have reached level 2!
Your demonic ancestry asserts itself...
A pair of antennae grows on your head!
A hobgoblin and a rat come into view.
The hobgoblin shouts!
You see here a quokka corpse.
The hobgoblin completely misses you. The rat bites you but does no damage.
You barely miss the rat. The hobgoblin closely misses you.
The rat bites you but does no damage.
You hit the rat.
You kill the rat!
The hobgoblin barely misses you. The hobgoblin hits you.
You hit the hobgoblin but do no damage. The hobgoblin barely misses you.
You closely miss the hobgoblin. The hobgoblin closely misses you.
You hit the hobgoblin.
The hobgoblin is moderately wounded.
The hobgoblin closely misses you.
You hit the hobgoblin.
The hobgoblin is severely wounded.
The hobgoblin closely misses you.
You barely miss the hobgoblin.
The hobgoblin is severely wounded.
The hobgoblin closely misses you.
You hit the hobgoblin.
You kill the hobgoblin!
You now have 26 gold pieces (gained 16).
e - a scroll labelled EXTAUSMU YKAX
Found a stone staircase leading down.
Are you sure you want to abandon this character and quit the game? (Confirm with "yes".)

######################
..........##.........#
..†.......##.........#
................@...>#
..........##.........#
..........##########.#
..........# #
..........#
..........#
..........#
###########


There were no monsters in sight!

Vanquished Creatures
  A bat (D:1)
  2 goblins (D:1)
  A hobgoblin (D:1)
  3 quokkas (D:1)
  3 rats (D:1)
10 creatures vanquished.

Notes
Turn   | Place    | Note
-------+----------+-------------------------------------------
     0 | D:1      | Shayle the Demonspawn Reaver began the quest for the Orb.
     0 | D:1      | Reached XP level 1. HP: 16/16 MP: 3/3
   215 | D:1      | Gained mutation: You have a pair of small antennae on your
                  | head. [demonic ancestry]
   215 | D:1      | Reached XP level 2. HP: 22/22 MP: 5/5
   250 | D:1      | Quit the game

Illustrated notes

Levels and vault maps discovered:
D:1:      dpeg_arrival_orchard, layout_basic

Skill      XL: |  1 |
---------------+----+-----
Dodging        | 2 |  2.0
Fighting       | |  2.2
Polearms       | |  2.6
Stealth        | |  0.6
Spellcasting   | |  2.0
Conjurations   | |  3.0
Hexes          | |  0.7

Action                     || total
---------------------------++-------
  Melee: Spear             ||    52
         Punch             ||     2
 Armour: Leather armour    ||    14
  Dodge: Dodged            ||    33

Table legend: (Time is in decaauts)
 A = Elapsed time spent in this place.
 B = Non-inter-level travel time spent in this place.
 C = Inter-level travel time spent in this place.
 D = Time resting spent in this place.
 E = Time spent auto-exploring this place.
 F = Levels seen in this place.
 G = Mean time per level.
                   A        B        C        D        E       F      G
               +--------+--------+--------+--------+--------+-----+--------+
         Total |    248 |    248 |      0 |     41 |     87 |   1 |  248.0 |
       Dungeon |    248 |    248 |      0 |     41 |     87 |   1 |  248.0 |
               +--------+--------+--------+--------+--------+-----+--------+

Top non-repeatable levels by time:
     D:1: 248 daAuts
